 Dungeon Crawl Stone Soup version 0.22.0-49-gab54619 (webtiles) character file.

387 Fang the Chopper (level 6, 0/39 HPs)
             Began as a Gargoyle Berserker on Sept 4, 2018.
             Was a Priest of Trog.
             Hit by a stone thrown by a gnoll (4 damage)
             ... on level 3 of the Dungeon on Sept 5, 2018.
             The game lasted 00:06:19 (3352 turns).

Fang the Chopper (Gargoyle Berserker)               Turns: 3352, Time: 00:06:20

Health: 0/39       AC:  6    Str: 23    XL:     6   Next: 78%
Magic:  6/6        EV: 12    Int:  7    God:    Trog [***...]
Gold:   124        SH:  0    Dex:  9    Spells: 5/5 levels left

rFire    . . .     SeeInvis .   a - +0 hand axe
rCold    . . .     Gourm    .   (no shield)
rNeg     + . .     Faith    .   b - +0 animal skin
rPois    ∞         Spirit   .   (no helmet)
rElec    +         Reflect  .   (no cloak)
rCorr    .         Harm     .   (no gloves)
MR       .....                  (no boots)
Stlth    +.........             (no amulet)
HPRegen  0.13/turn              (no ring)
MPRegen  0.10/turn              (no ring)

@: no status effects
A: negative energy resistance 1, electricity resistance, unbreathing,
petrification resistance, rot immunity, AC +4
a: Berserk, Trog's Hand, Renounce Religion


You were on level 3 of the Dungeon.
You worshipped Trog.
Trog was most pleased with you.
You were very hungry.

You visited 1 branch of the dungeon, and saw 3 of its levels.

You collected 124 gold pieces.

Inventory:

Hand Weapons
 a - a +0 hand axe (weapon)
Armour
 b - a +0 animal skin (worn)
Scrolls
 d - 3 scrolls of identify {unknown}
 f - 3 scrolls of blinking {unknown}
 g - 2 scrolls of fear {unknown}
 j - a scroll of amnesia {unknown}
 l - a scroll of magic mapping {unknown}
 m - a scroll of enchant armour {unknown}
 p - a scroll of teleportation {unknown}
 q - a scroll of noise {unknown}
Potions
 e - a potion of ambrosia {unknown}
 h - 2 potions of cancellation {unknown}
 i - 3 potions of curing {unknown}
 k - a potion of heal wounds {unknown}
 n - a potion of might {unknown}
 o - a potion of flight {unknown}
 r - a potion of agility {unknown}
Comestibles
 c - 4 rations


   Skills:
 + Level 4.7 Fighting
 + Level 5.1 Axes
 + Level 2.4 Armour
 + Level 3.0 Dodging
 + Level 1.2 Stealth


You had 5 spell levels left.
You didn't know any spells.
Your spell library was empty.

Dungeon Overview and Level Annotations

Branches:
Dungeon (3/15)

Altars:


Innate Abilities, Weirdness & Mutations

You are resistant to torment.
Your stone body is resilient. (AC +4)
You are immune to poison.
You resist negative energy. (rN+)
You are resistant to electric shocks. (rElec)
You can survive without breathing.
You are immune to petrification.
You are immune to rotting.


Message History

You closely miss the gnoll.
The gnoll throws a stone.
The stone misses you. The gnoll closely misses you.
You hit the gnoll.
The gnoll is moderately wounded.
The gnoll throws a stone.
The stone hits you.
* * * LOW HITPOINT WARNING * * *
The gnoll closely misses you.
You hit the gnoll.
The gnoll is heavily wounded.
The gnoll closely misses you.
The gnoll throws a stone.
The stone hits you.
* * * LOW HITPOINT WARNING * * *
You slash the gnoll!
You kill the gnoll!
Trog accepts your kill.
Your Dodging skill increases to level 3!
The gnoll throws a stone.
The stone barely misses you.
Things that are here:
a stone; a gnoll corpse The gnoll throws a stone.
The stone hits you.
You die...

#......##.####...#≈≈#...#####..
#########.......##''##.........
#.####..#≈≈.≈#......... #.#
##.######.........
#########.#####................
#.............(...'............
#.............(####............
#..............# ###########..
#.............@###### ###
#...........).......# ######
#########...[.......# #.....
#.g.........# #.####
#...........# #.# #...........#
#.#### #...........# #.#...
#...........# #.#...
#...........# #.#...


You could see a gnoll.

Vanquished Creatures
  An ogre (D:2)
  A gnoll shaman (D:3)
  12 gnolls (D:3)
  4 adders
  An ooze (D:2)
  3 worms
  2 dart slugs
  4 leopard geckos
  3 orcs (D:3)
  2 giant cockroaches
  10 goblins
  3 hobgoblins (D:1)
  26 jackals
  2 quokkas
  A ball python (D:3)
  7 bats
  5 frilled lizards
  7 kobolds
  9 rats
  A plant (D:3)
104 creatures vanquished.

Notes
Turn   | Place    | Note
-------+----------+-------------------------------------------
     0 | D:1      | Fang the Gargoyle Berserker began the quest for the Orb.
     0 | D:1      | Reached XP level 1. HP: 14/14 MP: 1/1
   125 | D:1      | Reached XP level 2. HP: 17/19 MP: 2/2
   185 | D:1      | Reached skill level 3 in Axes
   597 | D:1      | Reached XP level 3. HP: 23/23 MP: 3/3
   927 | D:2      | Reached ** piety under Trog
  1316 | D:2      | Reached XP level 4. HP: 22/29 MP: 4/4
  1512 | D:2      | Noticed an ogre
  1522 | D:2      | Killed an ogre
  1522 | D:2      | Reached skill level 4 in Axes
  1522 | D:2      | Reached XP level 5. HP: 33/33 MP: 5/5
  1735 | D:2      | Reached skill level 1 in Stealth
  2219 | D:3      | Reached XP level 6. HP: 21/39 MP: 6/6
  2229 | D:3      | Reached *** piety under Trog
  3026 | D:3      | Reached skill level 5 in Axes
  3352 | D:3      | Hit by a stone thrown by a gnoll

Skill      XL: |  1  2  3  4  5  6 |
---------------+-------------------+-----
Axes           | 3 4 5 |  5.1
Dodging        | 2 3 |  3.0
Fighting       | 4 |  4.7
Stealth        | 1 |  1.2
Armour         | |  2.4

Action                   |  1- 3 |  4- 6 || total
-------------------------+-------+-------++-------
Melee: Hand axe          |   157 |   295 ||   452
Invok: Berserk           |       |     5 ||     5
 Stab: Sleeping          |     1 |       ||     1
  Eat: Chunk             |     1 |    11 ||    12
Armor: Animal skin       |    59 |    97 ||   156
Dodge: Dodged            |   112 |   209 ||   321
